 Dungeon Crawl Stone Soup version 0.31.0-32-g396128a36d (webtiles) character file.

Game seed: 10557360271230153294

140 Doomgape the Trooper (level 5, -3/34 HPs)
             Began as a Gargoyle Fighter on Apr 22, 2024.
             Slain by a gnoll
             ... wielding a +0 spear
              (7 damage)
             ... on level 3 of the Dungeon.
             The game lasted 00:05:08 (2028 turns).

Doomgape the Trooper (Gargoyle Fighter)             Turns: 2028, Time: 00:05:09

Health: -3/34      AC: 11    Str: 22    XL:     5   Next: 23%
Magic:  5/5        EV:  9    Int:  8    God:
Gold:   166        SH:  4    Dex:  9    Spells: 4/4 levels left

rFire   . . .        a - +0 flail
rCold   . . .        c - +0 buckler
rNeg    + . .        b - +0 scale mail
rPois   ∞            (no helmet)
rElec   +            (no cloak)
rCorr   .            (no gloves)
SInv    .            (no boots)
Will    .....        (no amulet) Stlth
                     (no ring)
HPRegen 0.25/turn    (no ring)
MPRegen 0.09/turn

%: no passive effects
@: no status effects
A: sickness immunity, AC +4, negative energy resistance 1, electricity
resistance, torment resistance 1, petrification resistance
a: no special abilities


You were on level 3 of the Dungeon.
You visited 1 branch of the dungeon, and saw 3 of its levels.

You collected 166 gold pieces.

Inventory:

Hand Weapons
 a - a +0 flail (weapon)
Armour
 b - a +0 scale mail (worn)
 c - a +0 buckler (worn)
Jewellery
 e - a ring of willpower
Scrolls
 f - a scroll of identify
 g - a scroll of amnesia {unknown}
 h - 4 scrolls of teleportation {unknown}
Potions
 d - a potion of might


   Skills:
 + Level 4.5 Fighting
 + Level 3.3 Maces & Flails
 + Level 4.5 Armour
 - Level 3.2 Shields


You had 4 spell levels left.
You didn't know any spells.
Your spell library was empty.

Dungeon Overview and Level Annotations

Branches:
Dungeon (3/15)

Altars:
Zin


Innate Abilities, Weirdness & Mutations

You are immune to sickness and miasma.
Your stone body is resilient. (AC +4)
You are immune to poison.
You resist negative energy. (rN+)
You are resistant to electric shocks. (rElec)
You are resistant to unholy torment.
You are immune to petrification.


Message History

* * * LOW HITPOINT WARNING * * *
You block the gnoll's attack.
You feel a little less mighty now.
The gnoll hits you from afar with a +0 spear.
* * * LOW HITPOINT WARNING * * *
You block the gnoll's attack. The gnoll hits you but does no damage.
The gnoll hits you but does no damage.
Your extra speed is starting to run out.
The gnoll hits you but does no damage.
The gnoll hits you from afar with a +0 spear.
* * * LOW HITPOINT WARNING * * *
The gnoll hits you but does no damage. You block the gnoll's attack.
The gnoll barely misses you. The gnoll hits you but does no damage.
Your transformation is almost over.
You feel yourself slow down. The gnoll hits you but does no damage.
The gnoll barely misses you. The gnoll barely misses you.
The gnoll hits you but does no damage. The gnoll hits you but does no damage.
The gnoll hits you but does no damage. You block the gnoll's attack.
The gnoll barely misses you. The gnoll hits you but does no damage.
You block the gnoll's attack.
You feel less wooden.
Your +0 scale mail unmelds from your body.
The gnoll hits you from afar with a +0 spear.
* * * LOW HITPOINT WARNING * * *
The gnoll hits you but does no damage. The gnoll barely misses you.
The gnoll hits you but does no damage. The gnoll hits you but does no damage.
The gnoll hits you but does no damage. The gnoll closely misses you.
The gnoll hits you from afar with a +0 spear!
You die...

.)...............[. ..?..
.#######.#.##..... .... .##
#..#........ # ... ..#
#.####.##.###.. ..# # #.# #.#
##.##..... .[#.# #.# ##.#
#......#####.##.###
#.####..###....###..........#
...##..#.......###...........
#...#....#.##.#.@)g.........#
.#.........##...##...†.....>#
..#......#.....###..........#
⌠.#.)......##.## #..#.)###.##
..##.......##.# #B##..# .#
8#.........##.# ...##.g###.#
#......###.....#...#.......##
..##### .#...#B..#...)....#
..... ... .........)g..#


You could see a gnoll.

Vanquished Creatures
  6 gnolls
  2 adders (D:2)
  4 dart slugs
  A ribbon worm (D:2)
  4 ball pythons
  4 bats
  5 endoplasms
  4 giant cockroaches
  8 goblins
  5 hobgoblins
  A kobold (D:3)
  A frilled lizard (D:1)
  7 rats
52 creatures vanquished.

Notes
Turn   | Place    | Note
-------+----------+-------------------------------------------
     0 | D:1      | Doomgape the Gargoyle Fighter began the quest for the Orb.
     0 | D:1      | Reached XP level 1. HP: 14/14 MP: 1/1
   250 | D:1      | Reached XP level 2. HP: 19/19 MP: 2/2
   694 | D:1      | Reached XP level 3. HP: 21/24 MP: 3/3
  1214 | D:2      | Reached XP level 4. HP: 25/29 MP: 4/4
  1818 | D:3      | Found a glowing silver altar of Zin.
  1831 | D:3      | Found a faded altar of an unknown god.
  1926 | D:3      | Reached XP level 5. HP: 34/34 MP: 5/5
  1993 | D:3      | HP: 2/51 [gnoll/+0 spear (3)]
  2003 | D:3      | HP: 2/51 [gnoll/+0 spear (1)]
  2028 | D:3      | Slain by a gnoll

Illustrated notes

Levels and vault maps discovered:
D:1:      sevenhm_arrival_forest_fort_large_2, layout_loops_corners
D:2:      layout_basic, chequers_serial_rivers_micro_b
D:3:      layout_rooms, mainiacjoe_overflow_tiny_flanked,
          overflow_temple_1_default, shapermc_ecumenical_altar_venn,
          minmay_increasing_density, uniq_crazy_yiuf_cottage

Skill      XL: |  1  2  3  4 |
---------------+-------------+-----
Fighting       | 4 |  4.5
Armour         | 4 |  4.5
Maces & Flails | 3 |  3.3
Shields        | |  3.2

Action                     |  1- 3 |  4- 6 || total
---------------------------+-------+-------++-------
  Melee: Flail             |    74 |    70 ||   144
    Use: Scroll            |       |     7 ||     7
         Potion            |       |     4 ||     4
 Armour: Scale mail        |    46 |    64 ||   110
         Skin              |       |    39 ||    39
  Dodge: Dodged            |    27 |    46 ||    73
  Block: Buckler           |    14 |    23 ||    37
